 Dungeon Crawl Stone Soup version 0.23.2-33-g5129a83184 (webtiles) character file.

Game seed: 14858836505384884969

23 Descartes the Grasshopper (level 2, 0/13 HPs)
             Began as a Felid Warper on Aug 4, 2019.
             Slain by a kobold
             ... wielding a +0 short sword
              (5 damage)
             ... on level 1 of the Dungeon.
             The game lasted 00:01:52 (741 turns).

Descartes the Grasshopper (Felid Warper)             Turns: 741, Time: 00:01:52

Health: 0/13       AC:  1    Str:  7    XL:     2   Next: 72%
Magic:  6/6        EV: 19    Int: 14    God:
Gold:   34         SH:  0    Dex: 15    Spells: 1/5 levels left
                                        Lives:  0   Deaths: 0

rFire    . . .     SeeInvis +     - Unarmed
rCold    . . .     Gourm    .   (shield unavailable)
rNeg     . . .     Faith    .   (armour unavailable)
rPois    .         Spirit   .   (helmet unavailable)
rElec    .         Reflect  .   (cloak unavailable)
rCorr    .         Harm     .   (gloves unavailable)
MR       .....                  (boots unavailable)
Stlth    ++........             (no amulet)
HPRegen  0.04/turn              (no ring)
MPRegen  0.10/turn              (no ring)

@: quick
A: very small, no armour, no weapons or thrown items, stealth, claws 1, fangs 3,
see invisible, carnivore, speed 1, shaggy fur 1, slow metabolism 1, sharp paws
a: no special abilities


You were on level 1 of the Dungeon.
You were completely stuffed.

You visited 1 branch of the dungeon, and saw 1 of its levels.

You collected 34 gold pieces.

Inventory:

Scrolls
 b - a scroll of blinking
 d - a scroll of identify {unknown}
 e - a scroll of teleportation {unknown}
 h - a scroll of remove curse {unknown}
Potions
 a - a potion of brilliance {unknown}
 g - 2 potions of curing {unknown}
Comestibles
 c - 3 rations
 f - 5 chunks of flesh


   Skills:
 + Level 2.2 Fighting
 * Level 3.6 Dodging
 * Level 1.7 Stealth
 + Level 2.1 Unarmed Combat
 + Level 2.1 Spellcasting
 + Level 0.2 Charms
 + Level 4.4 Translocations


You had one spell level left.
You knew the following spells:

 Your Spells              Type           Power        Failure   Level  Hunger
a - Blink                 Tloc           N/A          5%          2    ###....
b - Shroud of Golubria    Chrm/Tloc      #.........   14%         2    ###....

Your spell library contained the following spells:

 Spells                   Type           Power        Failure   Level  Hunger
 Gell's Gravitas          Tloc           ##........   11%         3    ###....
 Lesser Beckoning         Tloc           ##........   11%         3    ###....
 Teleport Other           Tloc           ##......     11%         3    ###....
 Passage of Golubria      Tloc           N/A          36%         4    #####..


Dungeon Overview and Level Annotations

Branches:
Dungeon (1/15)

Altars:


Innate Abilities, Weirdness & Mutations

You cannot wear armour.
You are incapable of wielding weapons or throwing items.
Your paws allow you to move quietly. (Stealth)
You have sharp claws.
You have razor-sharp teeth.
You have supernaturally acute eyesight. (SInv)
You are carnivorous and can eat meat at any time.
You cover ground quickly.
You are covered in fur. (AC +1)
You have a slow metabolism.
Your sharp claws are effective at attacking unaware monsters.


Message History

You see here a hand axe.
Some of the chunks of flesh in your inventory have rotted away.
A kobold comes into view. It is wielding a +0 short sword.
The kobold shouts!
The kobold throws a stone.
The stone hits you but does no damage.
A frilled lizard comes into view.
You see here a stone.
The kobold throws a stone.
The stone barely misses you. The kobold misses you.
The frilled lizard hisses angrily.
You scratch the kobold but do no damage.
The kobold hits you with a +0 short sword.
You barely miss the kobold.
The kobold hits you with a +0 short sword.
You are too injured to fight recklessly!
You are too injured to fight recklessly!
You scratch the kobold but do no damage.
A goblin comes into view.
The kobold hits you with a +0 short sword.
You die...

.##)#.##..#.)##.#.##.#
##### ####
.##..##...##..##..##.#
#...# #...
.##.##..#.##...##.#..#
#.8.# #.^.
.##.#..##.##.#..#...##
#...###...
.##...###............#
#.........
.####.##>.....########
#.<.......
..รท..........## ..#
#.........
###########>(#####...#
#...###...
#(....@Kl..# #.8.#
#... ......######...#
#...# #... .####. ..#
##### #### ## g# #


You could see a goblin (wandering), a kobold and a frilled lizard.

Vanquished Creatures
  An ooze (D:1)
  A dart slug (D:1)
  A leopard gecko (D:1)
  A giant cockroach (D:1)
  3 goblins (D:1)
  2 hobgoblins (D:1)
  A kobold (D:1)
  2 bats (D:1)
  2 rats (D:1)
14 creatures vanquished.

Notes
Turn   | Place    | Note
-------+----------+-------------------------------------------
     0 | D:1      | Descartes the Felid Warper began the quest for the Orb.
     0 | D:1      | Reached XP level 1. HP: 9/9 MP: 4/4
   193 | D:1      | Reached skill level 1 in Stealth
   231 | D:1      | Reached XP level 2. HP: 12/13 MP: 6/6
   238 | D:1      | Learned a level 2 spell: Blink
   241 | D:1      | Learned a level 2 spell: Shroud of Golubria
   741 | D:1      | Slain by a kobold

Skill      XL: |  1 |
---------------+----+-----
Stealth        | 1 |  1.7
Fighting       | |  2.2
Dodging        | |  3.6
Unarmed Combat | |  2.1
Spellcasting   | |  2.1
Charms         | |  0.2
Translocations | |  4.4

Action                   || total
-------------------------++-------
Melee: Unarmed           ||    48
       Bite              ||     3
 Stab: Sleeping          ||     3
  Eat: Chunk             ||     7
Armor: Skin              ||     3
Dodge: Dodged            ||    27
